 Dungeon Crawl Stone Soup version 0.32-a0-30-gefbe487952 (webtiles) character file.

Game seed: 11008022020639008909

21 Nick1 the Grave Robber (level 2, 0/20 HPs)
             Began as a Demonspawn Necromancer on Jan 20, 2024.
             Slain by a goblin
             ... wielding a +0 club
              (1 damage)
             ... on level 1 of the Dungeon.
             The game lasted 00:04:19 (259 turns).

Nick1 the Grave Robber (Demonspawn Necromancer)      Turns: 259, Time: 00:04:21

Health: 0/20       AC:  2    Str:  8    XL:     2   Next: 62%
Magic:  4/5        EV: 12    Int: 15    God:
Gold:   28         SH:  0    Dex: 13    Spells: 4/5 levels left

rFire   . . .        c - +0 dagger
rCold   . . .        (no shield)
rNeg    . . .        a - +0 robe
rPois   .            (helmet restricted)
rElec   .            (no cloak)
rCorr   .            (no gloves)
SInv    .            (no boots)
Will    .....        (no amulet)
Stlth   ++           (no ring)
HPRegen 0.23/turn    (no ring)
MPRegen 0.09/turn

%: no passive effects
@: studying Staves
A: antennae 1
a: no special abilities


You were on level 1 of the Dungeon.
You visited 1 branch of the dungeon, and saw 1 of its levels.

You collected 28 gold pieces.

Inventory:

Hand Weapons
 c - a +0 dagger (weapon)
Armour
 a - a +0 robe (worn)
Scrolls
 d - a scroll of identify {unknown}
 e - a scroll of teleportation {unknown}
Potions
 b - a potion of magic


   Skills:
 * Level 0.6 Fighting
 + Level 1.7 Dodging
 * Level 2.0 Stealth
 + Level 0.4 Unarmed Combat
 * Level 2.2 Spellcasting
 * Level 4.7 Necromancy


You had 4 spell levels left.
You knew the following spells:

 Your Spells              Type           Power      Damage    Failure   Level
a - Necrotise             Necr           64%        1d7       3%          1

Your spell library contained the following spells:

 Spells                   Type           Power      Damage    Failure   Level
 Vampiric Draining        Necr           16%        2d7       9%          3
 Animate Dead             Necr           16%        N/A       30%         4
 Curse of Agony           Necr           16%        N/A       63%         5


Dungeon Overview and Level Annotations

Branches:
Dungeon (1/15)

Altars:


Innate Abilities, Weirdness & Mutations

You have a pair of small antennae on your head.


Message History

The bat hits you but does no damage. The rat barely misses you.
Your goblin skeleton hits the rat but does no damage.
You barely miss the bat. The bat barely misses you. The bat closely misses you.
The kobold hits your goblin skeleton with a +0 dagger.
The rat bites you but does no damage.
Your goblin skeleton hits the rat.
You hit the rat.
You kill the rat!
The bat hits you but does no damage. x2
The goblin hits your goblin skeleton with a +0 club.
Your goblin skeleton hits the kobold but does no damage.
You completely miss the bat. The bat hits you but does no damage. x2
The kobold hits you with a +0 dagger.
* * * LOW HITPOINT WARNING * * *
The goblin hits your goblin skeleton with a +0 club.
Your goblin skeleton is destroyed!
Casting: Necrotise (safe; 3% risk of failure)
Confirm with . or Enter, or press ? or * to list all spells.
Aiming: Necrotise (safe; 3% risk of failure)
Press: ? - help, Shift-Dir - straight line, f - kobold
Aim: a kobold, wielding a +0 dagger and quivering stones (chance to affect: 85%)
The kobold writhes in agony.
You kill the kobold!
The dead are walking!
The bat hits you.
* * * LOW HITPOINT WARNING * * *
You hit the goblin.
The goblin is moderately wounded.
The bat hits you.
* * * LOW HITPOINT WARNING * * *
The goblin hits you but does no damage.
You miss the goblin.
The goblin is moderately wounded.
The bat hits you but does no damage. The goblin hits you with a +0 club.
* * * LOW HITPOINT WARNING * * *
You hit the goblin.
The goblin is severely wounded.
The bat hits you but does no damage. The bat hits your kobold skeleton.
The bat hits you.
* * * LOW HITPOINT WARNING * * *
The goblin hits you with a +0 club.
You die...

#.# #.# ... #.#
##.#.#.## #.#
#.......# #.#
##.#.#.### ##.#
#......>. ...#
####.#.#Z## ####
#......gb.#
#####.##.#.#@##
#...††(.......#
#.###)##.#.#.##
#.# #.........#
#.# ####.#.#.##
#####.# ##.####
......# ....
...........##...
###############


You could see a goblin (ally target), a bat and a friendly kobold skeleton.

Vanquished Creatures
  A giant cockroach (D:1)
  4 goblins (D:1)
  2 jackals (D:1)
  2 kobolds (D:1)
  A quokka (D:1)
  A ball python (D:1)
  2 bats (D:1)
  A frilled lizard (D:1)
  4 rats (D:1)
18 creatures vanquished.

Vanquished Creatures (collateral kills)
  An endoplasm (D:1)
1 creature vanquished.

Grand Total: 19 creatures vanquished

Notes
Turn   | Place    | Note
-------+----------+-------------------------------------------
     0 | D:1      | Nick1 the Demonspawn Necromancer began the quest for the
                  | Orb.
     0 | D:1      | Reached XP level 1. HP: 13/13 MP: 3/3
    86 | D:1      | Gained mutation: You have a pair of small antennae on your
                  | head. [demonic ancestry]
    86 | D:1      | Reached XP level 2. HP: 11/20 MP: 0/5
   258 | D:1      | HP: 1/20 [goblin/+0 club (2)]
   259 | D:1      | Slain by a goblin

Illustrated notes

Levels and vault maps discovered:
D:1:      beargit_arrival_greenhouse, layout_loops_ring, st_stairs_12

Skill      XL: |  1  2 |
---------------+-------+-----
Stealth        | 2 |  2.0
Fighting       | |  0.6
Dodging        | |  1.7
Unarmed Combat | |  0.4
Spellcasting   | |  2.2
Necromancy     | |  4.7

Action                     || total
---------------------------++-------
  Melee: Unarmed           ||    19
         Dagger            ||    32
   Cast: Necrotise         ||    12
   Stab: Sleeping          ||     2
 Armour: Robe              ||    36
  Dodge: Dodged            ||    36

Table legend: (Time is in decaauts)
 A = Elapsed time spent in this place.
 B = Non-inter-level travel time spent in this place.
 C = Inter-level travel time spent in this place.
 D = Time resting spent in this place.
 E = Time spent auto-exploring this place.
 F = Levels seen in this place.
 G = Mean time per level.
                   A        B        C        D        E       F      G
               +--------+--------+--------+--------+--------+-----+--------+
         Total |    258 |    258 |      0 |      0 |     73 |   1 |  258.0 |
       Dungeon |    258 |    258 |      0 |      0 |     73 |   1 |  258.0 |
               +--------+--------+--------+--------+--------+-----+--------+

Top non-repeatable levels by time:
     D:1: 258 daAuts
